 Dungeon Crawl Stone Soup version 0.19.1 (webtiles) character file.

92302 Gargoyl the Cleaver (level 16, -7/139 HPs)
             Began as a Ghoul Abyssal Knight on Dec 26, 2016.
             Was the Champion of Lugonu.
             Mangled by an orc warrior
             ... wielding a +0 glaive
              (13 damage)
             ... on level 2 of the Orcish Mines on Dec 27, 2016.
             The game lasted 01:17:57 (21355 turns).

Gargoyl the Cleaver (Ghoul Abyssal Knight)         Turns: 21355, Time: 01:17:57

Health: -7/139     AC: 37    Str: 27    XL:     16   Next: 5%
Magic:  25/25      EV: 14    Int:  7    God:    Lugonu [******]
Gold:   625        SH:  5    Dex: 13    Spells: 0 memorised, 15 levels left

rFire  + . .     SeeInvis .     T - +11 mace "Ucer" {drain, Str+2}
rCold  + . .     Gourm    .     X - +10 chain mail of the Meadowlark {MR- rCorr Dex+3}
rNeg   + + +     Faith    .     d - +0 buckler
rPois  ∞         Spirit   .     e - +2 helmet
rElec  .         Reflect  .     v - +2 cloak {rPois}
rCorr  +         Harm     .     k - +2 pair of gloves
MR     +++..                    S - +2 pair of boots
Stlth  ..........               K - amulet "Ifuer" {rF+ MR+++ Regen+}
                                C - +4 ring of evasion
                                y - +4 ring of strength

@: rotting
A: rotting body, claws 1, carnivore 3, cold resistance 1, negative energy
resistance 3, slow regeneration 1, torment resistance, unbreathing
a: Depart the Abyss, Bend Space, Banish, Corrupt, Enter the Abyss, Brand Weapon
With Distortion, Renounce Religion


You were on level 2 of the Orcish Mines.
You worshipped Lugonu.
Lugonu was exalted by your worship.
You were not hungry.

You visited 3 branches of the dungeon, and saw 21 of its levels.
You visited the Abyss 1 time.
You also visited: Trove, Ossuary, Bailey, Ice Cave and Volcano.

You collected 2183 gold pieces.
You spent 1558 gold pieces at shops.

Inventory:

Hand Weapons
 c - a +0 blowgun
 u - a +3 spear
 B - a +2 hand axe of draining
 H - a +6 war axe of flaming
 T - the +11 mace "Ucer" (weapon) {drain, Str+2}
   (You found it on level 9 of the Dungeon)

   A truly terrible weapon, it drains the life of those it strikes.
   It affects your strength (+2).
 V - a +1 war axe of venom
Missiles
 p - 123 poisoned needles
 Q - 4 javelins
 R - 11 poisoned tomahawks (quivered)
Armour
 d - a +0 buckler (worn)
 e - a +2 helmet (worn)
 k - a +2 pair of gloves (worn)
 v - a +2 cloak of poison resistance (worn)
 S - a +2 pair of boots (worn)
 X - the +10 chain mail of the Meadowlark (worn) {MR- rCorr Dex+3}
   (You bought it in a shop on level 2 of the Orcish Mines)

   It affects your dexterity (+3).
   It affects your resistance to hostile enchantments.
   It protects you from acid and corrosion.
Jewellery
 q - the amulet "Ifroc" {Reflect rF- Int+8 SH+4, unknown}
   (You found it on level 6 of the Lair of Beasts)

   [amulet of reflection]

   It shields you and reflects attacks.
   It affects your intelligence (+8).
   It makes you vulnerable to fire.
   It affects your SH (+4).
 s - an uncursed ring of protection from cold
 y - a +4 ring of strength (left hand)
 C - a +4 ring of evasion (right hand)
 I - a +4 amulet of reflection
 J - an uncursed ring of see invisible
 K - the amulet "Ifuer" (around neck) {rF+ MR+++ Regen+}
   (You found it in a treasure trove)

   [amulet of regeneration]

   It protects you from fire.
   It affects your resistance to hostile enchantments.
   It increases your rate of regeneration.
 L - an uncursed amulet of guardian spirit
 N - an uncursed amulet of magic regeneration {unknown}
Wands
 h - a wand of slowing (14/48)
 M - a wand of teleportation (2/9)
 P - a wand of disintegration (3/24)
 U - a wand of flame (34/48)
Scrolls
 g - 6 scrolls of remove curse
 m - 4 scrolls of recharging
 n - 2 scrolls of magic mapping
 o - 2 scrolls of fear
 x - 2 scrolls of identify
 z - 4 scrolls of fog
 G - 4 scrolls of teleportation
 W - 2 scrolls of blinking
Potions
 a - a potion of resistance
 f - 8 potions of curing
 i - 4 potions of agility
 j - 5 potions of flight
 l - 3 potions of haste
 A - a potion of cancellation
 E - 6 potions of brilliance
 F - a potion of might
 Z - a potion of heal wounds
Miscellaneous
 t - 2 sacks of spiders
 w - a phial of floods
Comestibles
 b - 3 chunks of flesh
 r - 5 meat rations
 D - 5 beef jerkies


   Skills:
 + Level 12.1 Fighting
 + Level 14.3(14.5) Axes
 + Level 3.8(10.3) Maces & Flails
 + Level 0.5(9.5) Polearms
 + Level 0.6 Throwing
 * Level 13.2 Armour
 + Level 3.3 Dodging
 + Level 5.5 Shields
 * Level 13.6 Invocations


You had 15 spell levels left.
You didn't know any spells.

Dungeon Overview and Level Annotations

Branches:
Dungeon (13/15)            Temple (0/1) D:7            Lair (6/6) D:11
  Swamp (0/4) Lair:2        Snake (0/4) Lair:4        Slime (0/5) Lair:5
    Orc (2/2) D:12            Elf (0/3) Orc:2
 Vaults: D:13-14

Altars:
Ashenzari
Dithmenos
Elyvilon
Hepliaklqana
Kikubaaqudgha
Makhleb
Okawaru
Qazlal
Sif Muna
Trog
Xom
Yredelemnul
Zin
Beogh

Shops:
D:8 !   Orc:2 [(%!*!


Innate Abilities, Weirdness & Mutations

Your body is rotting away.
You thrive on raw meat.
You are immune to poison.
You have sharp fingernails.
You are carnivorous and can eat meat at any time.
Your flesh is cold resistant. (rC+)
You are immune to negative energy. (rN+++)
You regenerate slowly when monsters are visible.
You are immune to unholy pain and torment.
You can survive without breathing.


Message History

You sense an unholy aura.
T - the +11 mace "Ucer" (weapon)
{drain, Str+2} The orc warrior hits you but does no damage. x2
You hit the orc knight but do no damage.
The orc knight is heavily wounded.
The orc barely misses you. The orc knight closely misses you.
You block the orc warrior's attack. The orc warrior barely misses you.
You hit the orc knight but do no damage.
The orc knight is heavily wounded.
The orc warrior hits you but does no damage.
The orc barely misses you. You block the orc knight's attack.
You closely miss the orc knight.
The orc knight is heavily wounded.
The orc no longer looks unusually strong.
The orc warrior hits you from afar with a glaive!!
* * * LOW HITPOINT WARNING * * *
The orc warrior hits you from afar with a glaive!
* * * LOW HITPOINT WARNING * * *
The orc warrior hits you from afar with a glaive!
You die...

.###.### #..###### )# #.#
#..#...∩# [###.#.. #..#....#
)))()#... #..#....#
.###)###'###..#.... .. .#
#).........##o###.........#... .#
#..⌠...⌠....ooo..............#
.###..........##o###.............
..............#)@o.#............#
####.###.###..#....#.....#.......
#.# #.# #..#...∩#.....#.......
####.###.###..######.............
......................#..........
......................##.#.#.....
..........###.....#...#...##.....
.........#.###.#.#.......#.#.....
.............###.##..#...........


You could see an orc knight, 3 orc warriors and 2 orcs.

Vanquished Creatures
  A white draconian (IceCv)
  A fire dragon (D:12)
  A yaktaur captain (D:12)
  Erolcha (D:10)
  7 hydras
  A centaur warrior (D:11)
  5 catoblepae
  18 death yaks
  Urug (Lair:3)
  The ghost of Jerry the Carver, a novice DgGl (D:11)
  The ghost of Jerry the Carver, a novice DsBe of Trog (Bailey)
  A deep elf knight (D:12)
  A hell knight (Volcano)
  A salamander mystic (Volcano)
  A wizard (D:12)
  6 hill giants
  A deep elf mage (D:11)
  8 orc knights
  A wolf spider (D:12)
  4 ugly things
  2 cyclopes
  4 salamanders (Volcano)
  2 manticores
  2 ice statues (IceCv)
  5 black mambas
  4 elephants (Lair:6)
  12 spiny frogs
  A torpor snail (Lair:6)
  7 rime drakes
  An efreet (D:12)
  4 komodo dragons
  15 polar bears
  Prince Ribbit (D:6)
  A hornet (D:11)
  8 trolls
  2 two-headed ogres
  2 slime creatures (Lair:5)
  15 hippogriffs
  12 blink frogs
  A shadow (D:12)
  62 yaks
  8 wyverns
  Grum (D:11)
  Eustachio (D:6)
  5 basilisks
  3 hungry ghosts
  A steam dragon (D:11)
  A golden eye (shapeshifter) (D:12)
  Menkaure (D:7)
  3 nagas (Lair:4)
  The ghost of M4edhros the Insei, an amateur OpCK of Xom (D:3)
  7 wargs
  7 porcupines
  10 water moccasins
  A black bear (D:11)
  A hornet zombie (D:5)
  2 sky beasts
  45 orc warriors
  An ice beast (D:11)
  An eye of draining (D:9)
  A phantom (D:11)
  4 ogres
  33 wolves
  12 centaurs
  10 crocodiles
  A big kobold (D:12)
  13 bullfrogs
  A gnoll sergeant (D:7)
  2 wyvern skeletons
  6 scorpions
  4 killer bees (D:11)
  2 water moccasin skeletons
  13 wights
  A howler monkey (D:5)
  A vampire bat (D:6)
  An electric eel (Lair:4)
  A bullfrog zombie (D:9)
  2 crimson imps
  4 centaur zombies
  2 quasits
  3 orc priests
  5 centaur skeletons
  13 hounds
  4 jellies
  Crazy Yiuf (D:5)
  2 gnoll shamans
  2 bullfrog skeletons
  16 orc wizards
  12 hell rats
  2 iguanas
  10 worker ants
  A big kobold zombie (Ossuary)
  2 hound zombies
  5 mummies (Ossuary)
  2 howler monkey zombies
  23 gnolls
  A howler monkey skeleton (D:4)
  7 adders
  A shadow imp (D:8)
  3 oozes
  A worm (D:3)
  3 dart slugs
  3 leopard geckos
  84 orcs
  6 giant cockroaches
  10 goblins
  13 hobgoblins
  12 jackals
  11 kobolds
  8 quokkas
  6 ball pythons
  17 bats
  6 frilled lizards
  7 hobgoblin zombies (Ossuary)
  A jackal zombie (D:9)
  5 rats
  A plant (Lair:6)
748 creatures vanquished.

Vanquished Creatures (others)
  2 tengu reavers (D:11)
  A tengu warrior (D:11)
  A cyclops (D:12)
  3 orc warriors
  A wight (D:11)
  2 crimson imps (D:5)
  2 orc priests (D:6)
  2 kobolds (D:12)
  6 fungi
  9 plants (Lair:6)
29 creatures vanquished.

Grand Total: 777 creatures vanquished

Notes
Turn   | Place    | Note
-------+----------+-------------------------------------------
     0 | Abyss:1  | Gargoyl the Ghoul Abyssal Knight began the quest for the Orb.
     0 | Abyss:1  | Reached XP level 1. HP: 19/19 MP: 1/1
    32 | Abyss:2  | Noticed a crimson imp
    41 | Abyss:2  | Noticed an angel
    44 | D:1      | Escaped the Abyss
    67 | D:1      | Reached skill level 1 in Dodging
   125 | D:1      | Reached * piety under Lugonu
   170 | D:1      | Reached XP level 2. HP: 25/26 MP: 2/2
   725 | D:1      | Reached XP level 3. HP: 33/33 MP: 3/3
  1098 | D:2      | Reached skill level 2 in Axes
  1098 | D:2      | Reached XP level 4. HP: 40/40 MP: 5/5
  1151 | D:2      | Found a shadowy altar of Dithmenos.
  1226 | D:2      | Reached ** piety under Lugonu
  1229 | D:2      | Found a shattered altar of Ashenzari.
  1699 | D:3      | Reached XP level 5. HP: 40/46 MP: 6/6
  1768 | D:3      | Found a basalt altar of Yredelemnul.
  1773 | D:3      | Reached skill level 3 in Axes
  1826 | D:3      | Noticed M4edhros's ghost (amateur OpCK)
  1851 | D:3      | Killed M4edhros's ghost
  1851 | D:3      | Reached XP level 6. HP: 42/53 MP: 7/7
  2649 | D:4      | Found a sand-covered staircase.
  2658 | Ossuary  | Entered an ossuary
  2692 | Ossuary  | Reached XP level 7. HP: 17/60 MP: 8/8
  2693 | Ossuary  | Reached skill level 4 in Axes
  2880 | Ossuary  | Reached *** piety under Lugonu
  3470 | D:4      | Found a white marble altar of Elyvilon.
  3470 | D:4      | Found an ancient bone altar of Kikubaaqudgha.
  3521 | D:5      | Entered Level 5 of the Dungeon
  3613 | D:5      | Reached skill level 5 in Fighting
  3701 | D:5      | Reached skill level 5 in Axes
  3701 | D:5      | Reached XP level 8. HP: 57/65 MP: 10/10
  3848 | D:5      | Found a runed door.
  3901 | D:5      | Reached skill level 5 in Armour
  4263 | D:5      | Noticed Crazy Yiuf
  4276 | D:5      | Killed Crazy Yiuf
  4457 | D:6      | Noticed Prince Ribbit
  4776 | D:6      | Noticed Eustachio
  4807 | D:6      | Killed Eustachio
  4807 | D:6      | Reached skill level 6 in Axes
  4807 | D:6      | Reached skill level 5 in Invocations
  5017 | D:6      | Reached XP level 9. HP: 20/74 MP: 12/12
  5268 | D:6      | Killed Prince Ribbit
  5455 | D:7      | Noticed Menkaure
  5463 | D:7      | Killed Menkaure
  5473 | D:7      | Found a staircase to the Ecumenical Temple.
  5640 | D:7      | Reached skill level 7 in Axes
  5665 | D:7      | Found a burning altar of Makhleb.
  5665 | D:7      | Found a glowing silver altar of Zin.
  5666 | D:7      | Noticed an angel
  5666 | D:7      | Noticed an Executioner
  5692 | D:7      | Found a hazy altar of Hepliaklqana.
  5873 | D:7      | Reached **** piety under Lugonu
  6218 | D:8      | Noticed a two-headed ogre
  6225 | D:8      | Killed a two-headed ogre
  6264 | D:8      | Found a basalt altar of Yredelemnul.
  6308 | D:8      | Found Fabbotin's Distillery.
  6316 | D:8      | Bought a potion of curing for 48 gold pieces
  6316 | D:8      | Bought a potion of curing for 48 gold pieces
  6316 | D:8      | Bought a potion of curing for 48 gold pieces
  6316 | D:8      | Bought a potion of curing for 48 gold pieces
  6316 | D:8      | Bought a potion of heal wounds for 80 gold pieces
  6316 | D:8      | Bought a potion of agility for 64 gold pieces
  6469 | D:8      | Reached XP level 10. HP: 72/84 MP: 13/13
  6684 | D:8      | Reached skill level 8 in Axes
  7166 | D:9      | Reached skill level 9 in Axes
  7401 | D:9      | Found a shimmering altar of Xom.
  7426 | D:9      | Got a faintly glowing mace
  7427 | D:9      | Identified the +11 mace "Ucer" {drain, Str+2} (You found it on level 9 of the Dungeon)
  7476 | D:9      | Found a stormy altar of Qazlal.
  7614 | D:9      | Reached ***** piety under Lugonu
  7623 | D:9      | Found an iron altar of Okawaru.
  7629 | D:9      | Found a deep blue altar of Sif Muna.
  7756 | D:10     | Entered Level 10 of the Dungeon
  7800 | D:10     | Found a portal to a secret trove of treasure.
  7809 | D:10     | Noticed a hill giant
  7823 | D:10     | Killed a hill giant
  7823 | D:10     | Reached skill level 1 in Shields
  7823 | D:10     | Reached XP level 11. HP: 41/92 MP: 15/15
  7854 | D:10     | Noticed a hill giant
  7866 | D:10     | Killed a hill giant
  7889 | D:10     | You fall through a shaft for 3 floors!
  7949 | D:12     | Found an iron altar of Okawaru.
  8097 | D:11     | Noticed a hill giant
  8110 | D:11     | Killed a hill giant
  8155 | D:11     | Noticed Jerry's ghost (novice DgGl)
  8218 | D:11     | Killed Jerry's ghost
  8230 | D:11     | Noticed a deep elf mage
  8247 | D:11     | Killed a deep elf mage
  8322 | D:11     | Noticed a tengu reaver
  8323 | D:11     | Noticed a tengu reaver
  8424 | D:11     | Found a staircase to the Lair.
  8465 | D:11     | Reached skill level 10 in Axes
  8479 | D:11     | Noticed a tengu warrior
  8490 | D:11     | Banished a tengu warrior
  8563 | D:11     | Banished a tengu reaver
  8611 | D:11     | Found a flagged portal.
  8621 | Bailey   | Entered a bailey
  8846 | Bailey   | Noticed Jerry's ghost (novice DsBe)
  8899 | Bailey   | Killed Jerry's ghost
  8899 | Bailey   | Reached skill level 1 in Maces & Flails
  9125 | Bailey   | Reached XP level 12. HP: 95/102 MP: 18/18
  9273 | D:11     | Identified a scroll of acquirement
  9313 | D:11     | Banished a tengu reaver
  9417 | D:11     | Reached skill level 10 in Invocations
  9516 | D:11     | Noticed Grum
  9593 | D:11     | Killed Grum
 10297 | D:10     | Noticed Erolcha
 10308 | D:10     | Reached skill level 11 in Axes
 10308 | D:10     | Reached skill level 10 in Armour
 10323 | D:10     | Killed Erolcha
 11045 | D:10     | You paid a toll of 2 scrolls of acquirement to enter a treasure trove
 11046 | Trove    | Entered a treasure trove
 11061 | Trove    | Identified Huirun's Reference Book on Evil Arts
 11063 | Trove    | Identified the Grimoire of Warped Fire
 11085 | Trove    | Got a bound lead amulet
 11087 | Trove    | Got a scintillating crystal amulet
 11129 | Trove    | Identified the amulet "Ifuer" {rF+ MR+++ Regen+} (You found it in a treasure trove)
 11130 | Trove    | Identified the amulet of Ovvafoha {Harm *Drain Int+5} (You found it in a treasure trove)
 11781 | D:12     | Got a translucent glass ring
 11788 | D:12     | Identified the ring "Byana" {*Tele rF- Dex+4 Stlth+} (You found it on level 12 of the Dungeon)
 11807 | D:12     | Noticed a centaur warrior
 11901 | D:11     | Killed a centaur warrior
 11920 | D:12     | Reached XP level 13. HP: 104/111 MP: 20/20
 11990 | D:12     | Noticed a fire dragon
 12011 | D:12     | Killed a fire dragon
 12104 | D:12     | Noticed a yaktaur captain
 12155 | D:12     | Killed a yaktaur captain
 12353 | Lair:1   | Entered Level 1 of the Lair of Beasts
 12825 | Lair:1   | Found a dark tunnel.
 12834 | Volcano  | Entered a volcano
 13585 | Lair:2   | Reached skill level 12 in Axes
 13615 | Lair:2   | Found a staircase to the Swamp.
 14634 | Lair:3   | Noticed Urug
 14638 | Lair:3   | Reached skill level 10 in Fighting
 14672 | Lair:3   | Killed Urug
 14672 | Lair:3   | Reached XP level 14. HP: 106/121 MP: 21/21
 15503 | Lair:4   | Found a staircase to the Snake Pit.
 15570 | Lair:4   | Found a bloodstained altar of Trog.
 16154 | Lair:5   | Reached skill level 13 in Axes
 16159 | Lair:5   | Found a staircase to the Slime Pits.
 16263 | Lair:5   | Reached ****** piety under Lugonu
 16310 | Lair:5   | Found a frozen archway.
 16324 | IceCv    | Entered an ice cave
 16635 | IceCv    | Noticed a white draconian
 16674 | IceCv    | Killed a white draconian
 16686 | IceCv    | Reached skill level 5 in Shields
 17735 | Lair:6   | Entered Level 6 of the Lair of Beasts
 17800 | Lair:6   | Reached XP level 15. HP: 119/129 MP: 23/23
 18421 | Lair:6   | Found a shadowy altar of Dithmenos.
 19172 | Lair:6   | Reached skill level 14 in Axes
 19262 | Lair:6   | Got a steaming copper amulet
 19464 | D:12     | Found a staircase to the Orcish Mines.
 20110 | Orc:1    | Entered Level 1 of the Orcish Mines
 20221 | Orc:1    | Found a roughly hewn altar of Beogh.
 20571 | Orc:2    | Entered Level 2 of the Orcish Mines
 20644 | Orc:2    | Found a staircase to the Elven Halls.
 20902 | Orc:2    | Found Osucoic's Antique Weapon Shop.
 20946 | Orc:2    | Bought a transparent hand axe for 184 gold pieces
 20946 | Orc:2    | Identified the +1 hand axe "Awkoly" {pain, +Blink Dex+4 SInv} (You bought it in a shop on level 2 of the Orcish Mines)
 20955 | Orc:2    | Found Lawan's Armour Emporium.
 20973 | Orc:2    | Reached XP level 16. HP: 89/139 MP: 25/25
 21006 | Orc:2    | Bought the +10 chain mail of the Meadowlark {MR- rCorr Dex+3} for 1038 gold pieces
 21073 | Orc:2    | Found Qaoleh's Distillery.
 21163 | Orc:1    | Found a roughly hewn altar of Beogh.
 21265 | Orc:2    | Found Ublouv's Food Shoppe.
 21331 | Orc:2    | Found Mena's Distillery.
 21331 | Orc:2    | Found Ittesaoq's General Store.
 21355 | Orc:2    | HP: 6/139 [orc warrior/glaive (10)]
 21355 | Orc:2    | Mangled by an orc warrior

Skill      XL: |  1  2  3  4  5  6  7  8  9 10 11 12 13 14 15 |
---------------+----------------------------------------------+-----
Dodging        | 1 2 3 |  3.3
Armour         | 2 3 4 5 6 8 9 10 11 12 13 | 13.2
Fighting       | 4 5 6 7 8 9 10 11 12 | 12.1
Axes           | 2 3 5 6 7 9 10 11 12 13 14 | 14.3
Invocations    | 3 4 5 6 7 9 10 11 12 13 | 13.6
Shields        | 1 2 3 4 5 |  5.5
Maces & Flails | 1 2 3 |  3.8
Polearms       | |  0.5
Throwing       | |  0.6

Action                   |  1- 3 |  4- 6 |  7- 9 | 10-12 | 13-15 | 16-18 || total
-------------------------+-------+-------+-------+-------+-------+-------++-------
Melee: Hand axe          |   105 |   193 |   569 |  1006 |  1174 |       ||  3047
       Mace              |       |       |       |    57 |   199 |     3 ||   259
       Spear             |       |       |       |    23 |       |       ||    23
       War axe           |       |       |       |    33 |   433 |    37 ||   503
 Fire: Blowgun           |       |    11 |       |       |       |       ||    11
Throw: Tomahawk          |       |       |       |     4 |       |       ||     4
Invok: Depart the Abyss  |     1 |       |       |       |       |       ||     1
       Banish            |       |       |     6 |    12 |     4 |       ||    22
       Bend Space        |       |       |       |     2 |       |       ||     2
Evoke: Wand              |       |       |       |     2 |       |       ||     2
  Use: Potion            |       |     9 |       |     8 |     7 |       ||    24
       Scroll            |       |     6 |    13 |    18 |    13 |       ||    50
 Stab: Held in net/web   |       |       |     1 |       |       |       ||     1
       Petrified         |       |       |       |       |    61 |       ||    61
       Petrifying        |       |       |       |       |    10 |       ||    10
  Eat: Chunk             |    14 |    25 |    47 |    98 |   168 |    10 ||   362
       Meat ration       |       |     1 |       |       |       |       ||     1
Armor: Chain mail        |    81 |   153 |   450 |       |       |    30 ||   714
       Plate armour      |       |       |    76 |   690 |  1158 |       ||  1924
Dodge: Dodged            |    41 |   104 |   289 |   678 |  1192 |    26 ||  2330
Block: Buckler           |       |       |     9 |   197 |   413 |    16 ||   635
